 Dungeon Sprint DCSS version 0.21.1-1-g345015f (webtiles) character file.

9200000 Fang the Axe Maniac (level 27, -7/273 HPs)
             Began as a Minotaur Gladiator on May 22, 2018.
             Was the Champion of Makhleb.
             Killed by divine providence
             ... invoked by an observer
              (10 damage)
             ... in the Dungeon (Sprint VIII: "Arena of Blood").
             The game lasted 00:02:09 (92 turns).

Fang the Axe Maniac (Minotaur Gladiator)              Turns: 92, Time: 00:02:11

Health: -7/273     AC:  6    Str: 31    XL:     27
Magic:  33/53      EV: 29    Int:  5    God:    Makhleb [******]
Gold:   0          SH:  0    Dex: 13    Spells: 80/80 levels left

rFire    . . .     SeeInvis .   l - +∞ Axe of Woe
rCold    . . .     Gourm    .   (shield currently unavailable)
rNeg     . . .     Faith    .   b - +0 leather armour
rPois    .         Spirit   .   c - +0 hat
rElec    .         Reflect  .   (no cloak)
rCorr    .         Harm     .   (no gloves)
MR       ++...     NoTele   +   (no boots)
Stlth    +++++++++.             (no amulet)
HPRegen  0.55/turn              (no ring)
MPRegen  0.33/turn              (no ring)

@: no status effects
A: retaliatory headbutt, horns 2
a: Minor Destruction, Lesser Servant of Makhleb, Major Destruction, Greater
Servant of Makhleb, Renounce Religion


You were in the Dungeon.
You worshipped Makhleb.
Makhleb was exalted by your worship.
You were not hungry.

You visited 1 branch

Inventory:

Hand Weapons
 a - a +0 war axe
 l - the +∞ Axe of Woe (weapon)
   (You found it in the Dungeon)
Missiles
 d - 3 throwing nets (quivered)
Armour
 b - a +0 leather armour (worn)
 c - a +0 hat (worn)
Scrolls
 k - a scroll of blinking
Potions
 h - a potion of haste
 i - 2 potions of magic
 j - a potion of berserk rage
Comestibles
 f - a ration


   Skills:
 O Level 27 Fighting
 O Level 27 Axes
 O Level 27 Throwing
 O Level 27 Armour
 O Level 27 Dodging
 O Level 27 Stealth
 O Level 27 Unarmed Combat
 O Level 27 Spellcasting
 O Level 27 Invocations


You had 80 spell levels left.
You didn't know any spells.

Dungeon Overview and Level Annotations

Branches:
Dungeon (1/1)

Altars:
Makhleb


Innate Abilities, Weirdness & Mutations

You reflexively headbutt those who attack you in melee.
You have a pair of horns on your head.


Message History

* * * LOW HITPOINT WARNING * * *
The eight-headed meat hydra convulses!
The bag of meat convulses!
Something misses you.
You hear a shout! x4
A meat beast comes into view.
The meat beast trumpets!
A meat beast comes into view.
You feel better.
You hear two shouts!
You hear a shout! x3
The eight-headed meat hydra calls on the powers of darkness!
The eight-headed meat hydra convulses!
Your body is wracked with pain!
* * * LOW HITPOINT WARNING * * *
The bag of meat convulses! x2; The eight-headed meat hydra convulses!
The bag of meat convulses!
You hear a shout! x2
Something hits you.
* * * LOW HITPOINT WARNING * * *
You feel something staring at you. Something smites you!
You die...

.#... #... ..#
.....###O.. ..###.
..........###..o...
..#........_...z..
#.......#)))..#
.......)#_)M)_#
#.....§)#)))).#...
o.#...o§D))_)......
..{.Do§§@)###......
.....###V).....###.
..... #.......#
.... #.......# ...
......... .#.
.....2.....
..........
.....O2...


You could see an accursed, 2 meat beasts, 2 eight-headed meat hydras, a
destroyer, a sculptor of flesh (wandering), a meat berserker (berserk) and 3
bags of meat.

Vanquished Creatures
  4 hell beasts (D)
  4 greater mummies (D)
  A wraith (D)
  12 vampire knights (D)
  28 ogres (D)
  2 two-headed ogres (D)
  2 liches (D)
  39 orcs (D)
  A phantom (D)
  5 skeletal warriors (D)
  5 large abominations (D)
  2 small abominations (D)
  A crawling corpse (D)
106 creatures vanquished.

Vanquished Creatures (others)
  A crawling corpse (D)
1 creature vanquished.

Grand Total: 107 creatures vanquished

Notes
Turn   | Place    | Note
-------+----------+-------------------------------------------
     0 | D        | Found the +∞ Axe of Woe
     0 | D        | Fang the Minotaur Gladiator began the quest for the Orb.
     0 | D        | Reached XP level 1. HP: 18/18 MP: 0/0
     5 | D        | Became a worshipper of Makhleb the Destroyer
     7 | D        | Noticed a bag of meat
     7 | D        | Noticed a bag of meat
     7 | D        | Noticed a meat berserker
     8 | D        | Noticed a bag of meat
     9 | D        | Noticed a meat berserker
    10 | D        | Killed a meat berserker
    10 | D        | Reached XP level 2. HP: 44/44 MP: 1/1
    10 | D        | Reached XP level 3. HP: 50/50 MP: 2/2
    10 | D        | Reached XP level 4. HP: 58/58 MP: 3/3
    10 | D        | Reached XP level 5. HP: 64/64 MP: 4/4
    10 | D        | Reached XP level 6. HP: 72/72 MP: 5/5
    10 | D        | Reached XP level 7. HP: 79/79 MP: 6/6
    10 | D        | Reached XP level 8. HP: 86/86 MP: 7/7
    10 | D        | Reached XP level 9. HP: 93/93 MP: 8/8
    10 | D        | Reached XP level 10. HP: 101/101 MP: 9/9
    10 | D        | Reached XP level 11. HP: 107/107 MP: 10/10
    10 | D        | Reached XP level 12. HP: 115/115 MP: 11/11
    10 | D        | Reached XP level 13. HP: 122/122 MP: 12/12
    11 | D        | Noticed a meat berserker
    11 | D        | Noticed a meat berserker
    11 | D        | Killed a bag of meat
    11 | D        | Reached * piety under Makhleb
    11 | D        | Killed a bag of meat
    11 | D        | Reached skill level 15 in Fighting
    11 | D        | Reached XP level 14. HP: 55/135 MP: 13/13
    12 | D        | Killed a meat berserker
    12 | D        | Reached skill level 27 in Axes
    12 | D        | Reached skill level 27 in Dodging
    12 | D        | Reached XP level 15. HP: 152/152 MP: 14/14
    12 | D        | Reached ** piety under Makhleb
    12 | D        | Reached skill level 10 in Armour
    13 | D        | Killed a meat berserker
    13 | D        | Reached XP level 16. HP: 178/178 MP: 15/15
    14 | D        | Killed a meat berserker
    14 | D        | Reached skill level 27 in Fighting
    15 | D        | Noticed a meat berserker
    16 | D        | Killed a meat berserker
    16 | D        | Reached *** piety under Makhleb
    16 | D        | Reached skill level 27 in Throwing
    16 | D        | Reached XP level 17. HP: 191/191 MP: 16/16
    17 | D        | Noticed a meat berserker
    19 | D        | Noticed a meat berserker
    19 | D        | Noticed a meat berserker
    20 | D        | Noticed a meat berserker
    20 | D        | Reached skill level 27 in Armour
    21 | D        | Noticed a meat berserker
    21 | D        | Noticed a meat berserker
    22 | D        | Killed a meat berserker
    22 | D        | Reached **** piety under Makhleb
    22 | D        | Reached XP level 18. HP: 200/200 MP: 16/30
    23 | D        | Killed a meat berserker
    23 | D        | Reached skill level 15 in Invocations
    24 | D        | Noticed a meat berserker
    25 | D        | Killed a meat berserker
    25 | D        | Reached XP level 19. HP: 207/207 MP: 16/35
    25 | D        | Killed a meat berserker
    25 | D        | Reached skill level 15 in Spellcasting
    26 | D        | Killed a meat berserker
    26 | D        | Reached ***** piety under Makhleb
    26 | D        | Reached XP level 20. HP: 216/216 MP: 16/39
    27 | D        | Noticed a large bag of meat
    28 | D        | Killed a meat berserker
    29 | D        | Killed a meat berserker
    29 | D        | Reached skill level 27 in Unarmed Combat
    29 | D        | Reached XP level 21. HP: 224/224 MP: 17/44
    30 | D        | Reached skill level 27 in Invocations
    31 | D        | Noticed a destroyer
    31 | D        | Noticed a destroyer
    32 | D        | Reached skill level 27 in Stealth
    32 | D        | Killed a large bag of meat
    32 | D        | Reached ****** piety under Makhleb
    34 | D        | Noticed a destroyer
    34 | D        | Reached skill level 27 in Spellcasting
    34 | D        | Reached XP level 22. HP: 218/233 MP: 18/52
    35 | D        | Killed a destroyer
    37 | D        | Killed a destroyer
    37 | D        | Reached XP level 23. HP: 240/240 MP: 19/53
    38 | D        | Noticed a destroyer
    39 | D        | Noticed a destroyer
    40 | D        | Killed a destroyer
    40 | D        | Reached XP level 24. HP: 249/249 MP: 19/53
    42 | D        | Noticed a destroyer
    44 | D        | HP: 4/249 [destroyer/+9 great sword of slicing (14)]
    44 | D        | HP: 1/249 [destroyer/+9 great sword of slicing (3)]
    45 | D        | Killed a destroyer
    46 | D        | Noticed a destroyer
    47 | D        | Killed a destroyer
    47 | D        | Reached XP level 25. HP: 125/257 MP: 21/53
    48 | D        | Killed a destroyer
    48 | D        | Killed a destroyer
    48 | D        | Reached XP level 26. HP: 266/266 MP: 21/53
    49 | D        | Noticed a destroyer
    50 | D        | Noticed a destroyer
    50 | D        | Noticed an accursed
    51 | D        | Noticed a destroyer
    51 | D        | Noticed a tyrant
    53 | D        | Noticed an accursed
    54 | D        | Killed an accursed
    56 | D        | Killed an accursed
    56 | D        | Reached XP level 27. HP: 270/270 MP: 24/53
    57 | D        | Killed a destroyer
    58 | D        | Killed a tyrant
    59 | D        | Noticed an accursed
    59 | D        | Noticed a destroyer
    60 | D        | Noticed a tyrant
    60 | D        | Killed a destroyer
    61 | D        | Noticed a meat beast
    63 | D        | Noticed a large bag of meat
    63 | D        | Killed a destroyer
    65 | D        | Noticed a meat beast
    66 | D        | Noticed an accursed
    67 | D        | Noticed a meat beast
    67 | D        | Killed a meat beast
    69 | D        | Noticed a destroyer
    71 | D        | Noticed a dread
    71 | D        | Killed a tyrant
    71 | D        | Killed a meat beast
    71 | D        | Killed a destroyer
    72 | D        | Killed a meat beast
    73 | D        | Noticed a meat beast
    73 | D        | Noticed an accursed
    75 | D        | Killed a large bag of meat
    75 | D        | Killed an accursed
    76 | D        | Killed a destroyer
    77 | D        | Noticed a destroyer
    78 | D        | Killed a meat beast
    81 | D        | Noticed a destroyer
    85 | D        | Killed an accursed
    85 | D        | Killed a dread
    86 | D        | Noticed an accursed
    90 | D        | HP: 13/270 [something (4)]
    91 | D        | Noticed a meat beast
    91 | D        | Noticed a meat beast
    92 | D        | Noticed a meat beast
    92 | D        | HP: 3/273 [something (6)]
    92 | D        | Killed from afar by an observer

Skill      XL: |  1  2  3  4  5  6  7  8  9 10 11 12 13 14 15 16 17 18 19 20 21 |
---------------+----------------------------------------------------------------+-----
Fighting       | 13 15 19 25 27 | 27.0
Axes           | 23 26 27 | 27.0
Throwing       | 11 13 16 21 27 | 27.0
Dodging        | 21 24 27 | 27.0
Armour         | 4 8 13 22 27 | 27.0
Stealth        | 11 16 20 24 27 | 27.0
Unarmed Combat | 13 19 23 27 | 27.0
Spellcasting   | 9 13 16 20 27 | 27.0
Invocations    | 12 18 21 26 27 | 27.0

Action                   |  1- 3 |  4- 6 |  7- 9 | 10-12 | 13-15 | 16-18 | 19-21 | 22-24 | 25-27 || total
-------------------------+-------+-------+-------+-------+-------+-------+-------+-------+-------++-------
Melee: Executioner's axe |     1 |       |       |       |     3 |     7 |     8 |    10 |    30 ||    59
  Use: Potion            |       |       |       |       |       |       |       |       |     2 ||     2
Armor: Leather armour    |       |       |       |       |       |       |       |       |     1 ||     1
Dodge: Dodged            |       |       |       |       |       |     2 |       |     3 |     8 ||    13
